 Dungeon Crawl Stone Soup version 0.31.0-32-g396128a36d (webtiles) character file.

Game seed: 18290810135229778023

8509 jimmypageman the Basher (level 11, -2/66 HPs)
             Began as a Gargoyle Fighter on Apr 22, 2024.
             Was an Elder of Okawaru.
             Killed from afar by Fannar (40 damage)
             ... with a bolt of cold
             ... on level 10 of the Dungeon.
             The game lasted 00:14:12 (11072 turns).

jimmypageman the Basher (Gargoyle Fighter)         Turns: 11072, Time: 00:14:12

Health: -2/66      AC: 25    Str: 23    XL:     11   Next: 32%
Magic:  13/14      EV: 14    Int: 10    God:    Okawaru [****..]
Gold:   1722       SH:  7    Dex:  9    Spells: 10/10 levels left

rFire   . . .        q - +2 whip (elec)
rCold   . . .        c - +0 buckler
rNeg    + . .        k - +0 plate armour
rPois   ∞            (no helmet)
rElec   +            B - +0 cloak {Will+}
rCorr   +            (no gloves)
SInv    .            (no boots)
Will    +....        t - amulet of faith Stlth
                     f - +5 ring of evasion
HPRegen 0.31/turn    y - ring of resist corrosion
MPRegen 0.14/turn

%: faith
@: heroic
A: sickness immunity, AC +8, negative energy resistance 1, electricity
resistance, torment resistance 1, petrification resistance
a: Renounce Religion, Heroism, Finesse


You were on level 10 of the Dungeon.
You worshipped Okawaru.
Okawaru was greatly pleased with you.
You visited 2 branches of the dungeon, and saw 11 of its levels.
You also visited: Sewer.

You collected 1722 gold pieces.

Inventory:

Hand Weapons
 a - a +1 flail
 q - a +2 whip of electrocution (weapon)
Missiles
 g - 2 boomerangs
 n - 40 poisoned darts
 o - 4 curare-tipped darts
Armour
 c - a +0 buckler (worn)
 k - a +0 plate armour (worn)
 B - a +0 cloak of willpower (worn)
 H - a +0 cloak of preservation
Jewellery
 f - a +5 ring of evasion (left hand)
 t - an amulet of faith (around neck)
 y - a ring of resist corrosion (right hand)
 G - a ring of positive energy
 J - a ring of ice
 K - a +6 ring of intelligence
Wands
 v - a wand of flame (33) (quivered)
 E - a wand of polymorph (10)
Scrolls
 j - a scroll of fear
 l - 2 scrolls of revelation
 u - 5 scrolls of teleportation
 x - 2 scrolls of blinking {unknown}
 D - a scroll of immolation
 I - a scroll of fog {unknown}
Potions
 b - a potion of attraction {unknown}
 d - 2 potions of cancellation {unknown}
 e - 4 potions of curing
 h - 2 potions of ambrosia {unknown}
 i - 2 potions of lignification {unknown}
 m - 3 potions of brilliance {unknown}
 p - 4 potions of mutation {unknown}
 r - 3 potions of haste {unknown}
 s - 2 potions of berserk rage {unknown}
 w - a potion of resistance {unknown}
 z - 2 potions of invisibility {unknown}
 A - a potion of enlightenment {unknown}
 C - a potion of degeneration {unknown}
 F - 2 potions of heal wounds {unknown}


   Skills:
 + Level 6.6(11.6) Fighting
 * Level 12.4(17.4) Maces & Flails
 + Level 0.2(5.2) Throwing
 + Level 8.6(13.6) Armour
 + Level 0.9(5.9) Dodging
 + Level 1.3(6.3) Stealth
 * Level 8.0(13.0) Shields
 * Level 4.2 Invocations
 + Level 0.9 Evocations


You had 10 spell levels left.
You didn't know any spells.
Your spell library contained the following spells:

 Spells                   Type           Power      Damage    Failure   Level
 Foxfire                  Conj/Fire      0%         2x1d4     99%         1
 Kiss of Death            Conj/Necr      0%         2d5       99%         1
 Confusing Touch          Hex            0%         N/A       100%        3
 Dispel Undead            Necr           0%         3d6       100%        4
 Ignite Poison            Fire/Alch      0%         N/A       100%        4
 Vhi's Electric Charge    Tloc/Air       0%         N/A       100%        4
 Alistair's Intoxication  Alch           0%         N/A       100%        5
 Arcjolt                  Conj/Air       0%         1d10      100%        5
 Borgnjor's Vile Clutch   Necr/Erth      0%         N/A       100%        5
 Eringya's Noxious Bog    Alch           0%         4d6       100%        6
 Plasma Beam              Fire/Air       0%         2x1d10    100%        6
 Fire Storm               Conj/Fire      0%         5d1       100%        9
 Cigotuvi's Dreadful Rot  Necr/Alch/Air  Unusable   N/A       N/A         2
 Martyr's Knell           Necr/Summ      Unusable   N/A       N/A         4

Dungeon Overview and Level Annotations

Branches:
Dungeon (10/15)            Temple (1/1) D:7            Lair (0/5) D:8
  Sewer (visited)
    Orc: D:9-12

Altars:
Ashenzari
Cheibriados
Dithmenos
Elyvilon
Fedhas
Gozag
Hepliaklqana
Kikubaaqudgha
Makhleb
Nemelex Xobeh
Okawaru
Sif Muna
Trog
Uskayaw
Vehumet
Wu Jian
Xom
The Shining One

Shops:
D:2 [

Annotations:
D:10 Fannar, Maurice, Psyche
Temple 2 transporters


Innate Abilities, Weirdness & Mutations

You are immune to sickness and miasma.
Your stone body is resilient. (AC +8)
You are immune to poison.
You resist negative energy. (rN+)
You are resistant to electric shocks. (rElec)
You are resistant to unholy torment.
You are immune to petrification.


Message History

The orc warrior hits you with a +2 heavy glaive!
You hit the orc warrior.
The orc warrior is almost dead.
You block the orc's attack. The orc hits you but does no damage.
Unknown command.
You whack the orc warrior!
You kill the orc warrior!
Okawaru accepts your kill.
You whack Fannar!
Fannar is lightly wounded.
You block the orc's attack. x2; Fannar hits you but does no damage.
Fannar freezes you!
Unknown command.
You miss Fannar.
Fannar is lightly wounded.
Psyche gestures wildly while chanting.
Psyche flickers and vanishes!
Deactivating autopickup; reactivate with Ctrl-A.
The troll bites you but does no damage. The troll misses you.
The troll closely misses you.
You hit the orc. Lightning courses through the orc!
You kill the orc!
The orc hits you but does no damage. Fannar hits you but does no damage.
You whack the orc!
You kill the orc!
The troll bites you but does no damage. The troll closely misses you. x2
You hit the troll.
The troll is lightly wounded.
You hear some strange, mumbled words.
Something tries to affect you, but you resist.
Fannar hits you but does no damage. Fannar freezes you.
You hit the troll.
The troll is lightly wounded.
The troll bites you but does no damage. You block the troll's attack. x2
You barely miss the troll.
The troll is lightly wounded.
Fannar casts a spell at you. The bolt of cold hits you!!!
Ouch! That really hurt!
You die...

....~≈≈≈~......
....~≈≈≈~.......
....≈~≈≈~.....).
.....~~~.......
........{...... ..
............# ...
......T)e...# ....
.......@....###....
......)..).$.......
...................
~~≈................
≈≈≈~....###........
..≈≈≈≈≈....# #?.......
..~~≈≈~....###........
...~~~................
.......................


You could see Fannar and a troll.

Vanquished Creatures
  A two-headed ogre (D:8)
  Jeremiah (D:8)
  Joseph (D:8)
  2 trolls
  Grinder (D:3)
  Prince Ribbit (D:8)
  Sigmund (D:2)
  A wraith (D:10)
  7 yaks
  A steam dragon (D:9)
  A warg (D:8)
  A vampire mosquito (D:10)
  3 water moccasins
  An ice beast (D:5)
  5 orc warriors
  2 sky beasts (D:8)
  2 wolves
  An ogre (D:6)
  2 centaurs
  A phantom (D:7)
  14 kobold brigands
  4 scorpions
  15 wights
  8 killer bees (D:9)
  An electric eel (D:10)
  A howler monkey (D:8)
  5 hounds
  Crazy Yiuf (D:7)
  5 orc priests
  Jessica (D:2)
  4 iguanas
  Natasha (thrice) (D:2)
  5 orc wizards
  9 adders
  3 river rats
  A white imp (D:6)
  4 ribbon worms
  4 dart slugs
  43 orcs
  9 ball pythons
  4 endoplasms
  6 giant cockroaches
  8 goblins
  5 hobgoblins (D:1)
  3 jackals (D:3)
  24 kobolds
  4 quokkas
  5 bats
  5 frilled lizards
  16 rats
256 creatures vanquished.

Vanquished Creatures (others)
  An orc wizard (D:4)
  3 kobolds (D:10)
4 creatures vanquished.

Grand Total: 260 creatures vanquished

Notes
Turn   | Place    | Note
-------+----------+-------------------------------------------
     0 | D:1      | jimmypageman the Gargoyle Fighter began the quest for the
                  | Orb.
     0 | D:1      | Reached XP level 1. HP: 14/14 MP: 1/1
   132 | D:1      | Reached XP level 2. HP: 16/19 MP: 2/2
   619 | D:1      | Found a faded altar of an unknown god.
   691 | D:1      | Reached XP level 3. HP: 23/23 MP: 3/3
  1049 | D:2      | Reached skill level 3 in Maces & Flails
  1065 | D:2      | Noticed Jessica
  1080 | D:2      | Killed Jessica
  1081 | D:2      | Reached XP level 4. HP: 28/28 MP: 4/4
  1111 | D:2      | Found Noprapur's Antique Armour Boutique.
  1116 | D:2      | Noticed Natasha
  1124 | D:2      | Killed Natasha
  1155 | D:2      | Noticed Natasha
  1163 | D:2      | Killed Natasha
  1164 | D:2      | Reached skill level 4 in Maces & Flails
  1164 | D:2      | Reached XP level 5. HP: 30/32 MP: 5/5
  1220 | D:2      | Noticed Sigmund
  1233 | D:2      | Killed Sigmund
  1234 | D:2      | Reached skill level 5 in Maces & Flails
  1234 | D:2      | Reached XP level 6. HP: 11/37 MP: 6/6
  1391 | D:2      | Noticed Natasha
  1403 | D:2      | Killed Natasha
  1782 | D:3      | Found a hazy altar of Hepliaklqana.
  1841 | D:3      | Found a glowing drain.
  1887 | D:3      | Noticed Grinder
  1888 | D:3      | Paralysed by Grinder for 2 turns
  1905 | D:3      | Paralysed by Grinder for 2 turns
  1908 | Sewer    | Entered a sewer
  2047 | Sewer    | Reached XP level 7. HP: 34/42 MP: 7/7
  2111 | Sewer    | Reached skill level 6 in Maces & Flails
  2927 | Sewer    | Reached skill level 7 in Maces & Flails
  2927 | Sewer    | Reached skill level 5 in Shields
  2927 | Sewer    | Reached XP level 8. HP: 41/48 MP: 8/8
  3026 | Sewer    | Reached skill level 5 in Armour
  3384 | Sewer    | Identified a scroll of acquirement
  3385 | Sewer    | Acquired 1060 gold pieces
  3424 | D:3      | Paralysed by Grinder for 4 turns
  3431 | D:3      | Killed Grinder
  3432 | D:3      | Reached skill level 8 in Maces & Flails
  4831 | D:5      | Entered Level 5 of the Dungeon
  4948 | D:5      | Reached XP level 9. HP: 52/52 MP: 9/9
  4962 | D:5      | Identified the +1 robe of the Hidden Vale {Rampage rC+
                  | rCorr Dex-4}
  5129 | D:5      | Reached skill level 9 in Maces & Flails
  5463 | D:6      | Found a radiant altar of Vehumet.
  5508 | D:6      | Reached skill level 5 in Fighting
  5631 | D:6      | Got Lierar's Compendium of Macabre Accelerants
  6195 | D:7      | Reached skill level 10 in Maces & Flails
  6424 | D:7      | Found a staircase to the Ecumenical Temple.
  6460 | Temple   | Found a transporter.
  6460 | Temple   | Found a transporter.
  6460 | Temple   | Found a transporter.
  6460 | Temple   | Found a transporter.
  6460 | Temple   | Entered the Ecumenical Temple
  6472 | Temple   | Became a worshipper of Warmaster Okawaru
  6812 | D:7      | Found a runed translucent door.
  6813 | D:7      | Noticed Crazy Yiuf
  7231 | D:7      | Killed Crazy Yiuf
  7320 | D:8      | You fall into a shaft and drop 1 floor!
  7378 | D:8      | Noticed Jeremiah
  7383 | D:8      | Reached XP level 10. HP: 49/59 MP: 10/10
  7416 | D:8      | Reached skill level 1 in Invocations
  7443 | D:8      | Killed Jeremiah
  7443 | D:8      | Reached * piety under Okawaru
  7444 | D:8      | Reached skill level 11 in Maces & Flails
  7513 | D:8      | Noticed Prince Ribbit
  7546 | D:8      | Killed Prince Ribbit
  7769 | D:8      | Reached ** piety under Okawaru
  7770 | D:8      | Noticed a two-headed ogre
  7790 | D:8      | Killed a two-headed ogre
  7819 | D:8      | Noticed Joseph
  8161 | D:8      | Killed Joseph
  8454 | D:8      | Found a broken altar of Ashenzari.
  8505 | D:8      | Found a staircase to the Lair.
  9173 | D:9      | Reached *** piety under Okawaru
  9174 | D:9      | Reached skill level 12 in Maces & Flails
  9443 | D:9      | Reached XP level 11. HP: 42/64 MP: 13/13
  9736 | D:9      | Reached skill level 1 in Stealth
 10095 | D:10     | Entered Level 10 of the Dungeon
 10155 | D:10     | Reached **** piety under Okawaru
 10538 | D:10     | Noticed Fannar
 10540 | D:10     | Noticed Maurice
 11062 | D:10     | Noticed Psyche
 11072 | D:10     | Killed from afar by Fannar

Illustrated notes

Levels and vault maps discovered:
D:1:      dpeg_arrival_solitude, layout_basic,
          dreamdust_ecumenical_altar_hidden_monk_grotto, minmay_misc_feat_room
D:2:      layout_rooms, serial_shops, shop_coins, uniq_natasha, uniq_jessica,
          uniq_sigmund
D:3:      layout_basic, marbit_many_paths, portal_sewer_entry_a, st_stairs_6,
          uniq_grinder
D:4:      layout_loops_cross, dk_noncrumbling_3
D:5:      nicolae_cairo_tiling_large_dashed, layout_rooms, item_on_display_a
D:6:      layout_basic, mainiacjoe_overflow_small_starburst
D:7:      layout_basic, minmay_temple_entry_grid, uniq_crazy_yiuf_cottage
D:8:      layout_loops_cross, nicolae_overflow_crystal_walls,
          erik_lair_orcish_takeover, uniq_joseph, uniq_jeremiah,
          uniq_prince_ribbit1
D:9:      layout_cave_pods, kennysheep_flooded_box
D:10:     layout_big_octagon, mainiacjoe_overflow_alcove_3, minmay_starry_boxes,
          uniq_maurice, uniq_fannar, uniq_psyche
Temple:   hellmonk_temple_divided_pantheon

Skill      XL: |  1  2  3  4  5  6  7  8  9 10 11 |
---------------+----------------------------------+-----
Maces & Flails | 3 4 5 7 8 10 12 | 12.4
Armour         | 4 5 6 8 |  8.6
Shields        | 4 5 6 7 8 |  8.0
Fighting       | 4 5 6 |  6.6
Invocations    | 3 4 |  4.2
Stealth        | 1 |  1.3
Throwing       | |  0.2
Dodging        | |  0.9
Evocations     | |  0.9

Action                     |  1- 3 |  4- 6 |  7- 9 | 10-12 || total
---------------------------+-------+-------+-------+-------++-------
  Melee: Flail             |   110 |   124 |   343 |       ||   577
         Whip              |       |       |   264 |   478 ||   742
  Throw: Dart              |       |       |       |     3 ||     3
 Invoke: Heroism           |       |       |       |     2 ||     2
  Evoke: Wand              |       |       |     6 |     8 ||    14
    Use: Potion            |       |     1 |       |     2 ||     3
         Scroll            |       |       |     9 |     1 ||    10
 Armour: Scale mail        |    76 |    12 |       |       ||    88
         Plate armour      |       |    56 |   357 |   234 ||   647
  Dodge: Dodged            |    70 |    66 |   220 |   184 ||   540
  Block: Buckler           |    26 |    24 |   114 |    87 ||   251
